Map: Abyssal Reef LE

Players

Harstem

  • Race: Protoss Protoss
  • Spawn Location: 11:00

Scarlett - Winner!

  • Race: Zerg Zerg
  • Spawn Location: 5:00

Event: WCS Montreal 2017

VOD

Have the link to the VOD?

Description

Time

  • Played on: Sept. 9, 2017, 12:15 p.m.
  • Length: 12:00

All games in this series

Show
View Real Time Build Order
Export as new Build Order

Harstem Protoss 

Build Orders:  

Get SALT Encoding   

  12  0:01  Probe (Chrono Boost)  
  13  0:11  Probe (Chrono Boost)  
  14  0:18  Pylon  
  14  0:22  Probe (Chrono Boost)  
  15  0:36  Probe (Chrono Boost)  
  15  0:38  Gateway  
  16  0:47  Probe (Chrono Boost)  
  17  0:50  Assimilator  
  17  0:57  Probe (Chrono Boost)  
  18  1:08  Probe (Chrono Boost)  
  19  1:19  Probe (Chrono Boost)  
  20  1:31  Cybernetics Core  
  20  1:38  Probe (Chrono Boost), Zealot (Chrono Boost)  
  23  1:41  Pylon  
  23  1:52  Assimilator  
  23  1:59  Probe  
  24  2:04  Zealot (Chrono Boost)  
  26  2:09  Robotics Facility  
  26  2:11  Probe  
  27  2:18  Pylon  
  27  2:23  Probe  
  27  2:27  Adept (Chrono Boost)  
  30  2:36  Mothership Core  
  32  2:51  Gateway  
  32  2:52  Adept (Chrono Boost)  
  34  3:00  Immortal (Chrono Boost)  
  36  3:25  Gateway  
  36  3:26  Pylon  
  36  3:47  Immortal (Chrono Boost)  
  42  3:53  Pylon  
  36  4:11  Zealot  
  36  4:19  Pylon  
  33  4:31  Pylon  
  33  4:37  Pylon  
  33  4:45  Pylon  
  33  4:49  Immortal (Chrono Boost)  
  33  4:51  Zealot  
  39  4:53  Cybernetics Core  
  39  4:58  Probe  
  40  5:06  Gateway  
  40  5:18  Zealot  
  46  5:28  Immortal (Chrono Boost)  
  46  5:35  Pylon  
  46  5:46  Sentry (Chrono Boost)  
  46  5:48  Warp Gate (Chrono Boost)  
  48  5:53  Gateway  
  48  6:06  Warp Prism (Chrono Boost)  
  50  6:20  Stalker  
  50  6:21  Sentry  
  46  6:42  Immortal (Chrono Boost)  
  50  6:51  Stalker  
  52  6:58  Stargate  
  52  7:17  Pylon  
  52  7:19  Observer, Pylon  
  55  7:46  Stalker x2  
  55  7:49  Stalker  
  59  8:07  Robotics Bay  
  59  8:11  Sentry  
  61  8:13  Stalker  
  39  8:53  Stalker  
  39  8:55  Disruptor (Chrono Boost)  
  42  8:56  Adept x3  
  48  9:18  Adept x3  
  54  9:28  Disruptor (Chrono Boost)  
  57  9:40  Pylon  
  57  9:42  Adept x3  
  63  9:59  Disruptor (Chrono Boost)  
  66  10:11  Zealot x2  
  70  10:20  Adept  
  72  10:34  Zealot x2  
  76  10:46  Zealot  
  78  11:02  Zealot x2  
  61  11:34  Zealot x3  
Show
View Real Time Build Order
Export as new Build Order

Scarlett Zerg - Winner!

Build Orders: Hatch First 

Get SALT Encoding   

  12  0:00  Drone  
  13  0:12  Overlord  
  13  0:16  Drone  
  14  0:30  Drone x2  
  16  0:36  Drone  
  17  0:56  Hatchery  
  16  0:57  Drone  
  16  1:02  Drone  
  18  1:04  Extractor  
  17  1:19  Spawning Pool  
  17  1:22  Drone  
  17  1:28  Drone  
  18  1:39  Drone  
  19  1:50  Overlord  
  19  2:06  Metabolic Boost  
  19  2:07  Queen, Zergling x2  
  23  2:08  Zergling x2  
  23  2:13  Zergling x2  
  24  2:16  Queen  
  24  2:20  Zergling x2  
  27  2:23  Zergling x2  
  28  2:30  Spine Crawler  
  28  2:33  Zergling x2  
  29  2:38  Zergling x2  
  29  2:41  Spine Crawler  
  29  2:42  Zergling x2  
  30  2:46  Queen  
  33  2:53  Spine Crawler  
  32  2:59  Spine Crawler  
  31  3:10  Zergling x6  
  31  3:13  Zergling x2  
  31  3:15  Zergling x2  
  31  3:19  Zergling x2  
  34  3:27  Spine Crawler  
  33  3:42  Overlord  
  33  3:43  Zergling x4  
  35  3:54  Zergling x2  
  35  3:55  Overlord  
  29  4:10  Zergling x12  
  32  4:18  Queen  
  33  4:26  Drone  
  34  4:35  Drone  
  35  4:46  Hatchery  
  35  4:51  Drone  
  35  4:55  Drone  
  36  5:07  Drone x2  
  36  5:08  Drone  
  38  5:22  Drone  
  38  5:24  Extractor  
  38  5:25  Queen  
  38  5:27  Drone x3  
  43  5:40  Overlord x2  
  43  5:50  Drone  
  43  5:53  Zergling x6  
  47  6:10  Roach Warren  
  47  6:11  Drone x2  
  48  6:13  Drone  
  48  6:19  Drone x2  
  48  6:24  Drone x2  
  51  6:38  Drone x5  
  52  6:51  Roach  
  52  6:52  Roach x3  
  54  7:02  Roach x3  
  60  7:08  Roach  
  60  7:09  Roach x2  
  60  7:15  Overlord x2  
  64  7:20  Ravager x4  
  68  7:24  Zergling x6  
  68  7:26  Zergling x4  
  73  7:37  Roach, Zergling x8  
  75  7:42  Overlord  
  79  7:45  Roach  
  79  7:46  Roach  
  79  7:47  Ravager  
  79  7:48  Ravager  
  85  8:03  Zergling x2  
  85  8:04  Zergling x12  
  92  8:10  Ravager  
  91  8:13  Zergling x8  
  91  8:17  Extractor x2  
  91  8:25  Zergling x4  
  90  8:27  Zergling x6  
  86  8:40  Zergling x2  
  86  8:41  Zergling x6  
  82  8:42  Lair  
  72  8:52  Zergling x10  
  75  9:00  Drone  
  76  9:06  Spore Crawler  
  76  9:07  Zergling x6  
  78  9:21  Drone x6  
  84  9:33  Hatchery  
  83  9:45  Zergling x14  
  89  9:50  Glial Reconstitution  
  89  9:51  Roach x3  
  95  9:55  Roach  
  95  9:58  Overlord  
  97  10:03  Overlord  
  97  10:11  Overlord  
  97  10:18  Ravager x6  
  97  10:19  Roach  
  97  10:20  Overlord  
  101  10:32  Spire  
  100  10:41  Roach  
  100  10:42  Roach x3  
  108  10:48  Roach x2, Zergling x2  
  109  10:55  Roach x2  
  113  11:04  Ravager x4  
  97  11:08  Roach x2  
  97  11:09  Roach  
  103  11:17  Roach x3  
  82  11:37  Zergling x4  
  82  11:38  Zergling x6  
Tags
 
Add a new tag
Caveats
  • Supply blocks, unpowered buildings, or Contaminate may cause inaccurate times.
  • Supply counts are checked every 10 seconds.